 Dungeon Crawl Stone Soup version 0.29-a0-319-gad05b8d819 (webtiles) character file.

Game seed: 1499000240821133821

903 tilp the Chopper (level 8, -8/74 HPs)
             Began as a Mayflytaur Berserker on Apr 1, 2022.
             Was a Follower of Trog.
             Mangled by a gnoll
             ... wielding a +2 halberd of electrocution
              (19 damage)
             ... in a bailey.
             The game lasted 00:05:30 (903 turns).

tilp the Chopper (Mayflytaur Berserker)              Turns: 903, Time: 00:05:30

Health: -8/74      AC:  8    Str: 20    XL:     8   Next: 7%
Magic:  9/9        EV:  9    Int:  9    God:    Trog [*.....]
Gold:   30         SH:  0    Dex: 14    Spells: 7/7 levels left

rFire   . . .      SeeInvis .   a - +0 hand axe
rCold   . . .      Faith    .   (no shield)
rNeg    . . .      Spirit   .   m - +0 chain mail
rPois   .          Reflect  .   (no helmet)
rElec   .          Harm     .   (no cloak)
rCorr   .          Rampage  .   (no gloves)
Will    +....                   (no boots)
Stlth   ..........              f - amulet of magic regeneration
HPRegen 0.22/turn               (no ring)
MPRegen 0.62/turn               (no ring)

@: flying, bezotted
A: damage resistance, big wings, sense surroundings 1, magic regeneration, short
lifespan
a: Renounce Religion, Berserk


You were in a bailey.
You worshipped Trog.
Trog was aware of your devotion.
You visited 1 branch of the dungeon, and saw 9 of its levels.
You also visited: Bailey.

You collected 30 gold pieces.

Inventory:

Hand Weapons
 a - a +0 hand axe (weapon)
 l - a +3 halberd of electrocution
Missiles
 d - 143 stones
 g - 5 atropa-tipped darts
 h - 5 poisoned darts (quivered)
 p - 3 boomerangs
Armour
 b - a +0 animal skin
 m - a +0 chain mail (worn)
Jewellery
 f - an amulet of magic regeneration (around neck)
Wands
 e - a wand of acid (7)
 i - a wand of polymorph (17)
Potions
 c - a potion of brilliance
 j - a potion of berserk rage
 k - 2 potions of cancellation
 o - a potion of might
 q - 2 potions of mutation {unknown}


   Skills:
 + Level 5.3 Fighting
 + Level 7.0 Axes
 - Level 2.1 Armour
 - Level 4.0 Dodging
 - Level 4.0 Stealth
 + Level 3.4 Evocations


You had 7 spell levels left.
You didn't know any spells.
Your spell library was empty.

Dungeon Overview and Level Annotations

Branches:
Dungeon (9/15)             Temple (0/1) D:7          Bailey (1/1)
   Lair: D:8-11         Orc: D:9-12

Altars:


Innate Abilities, Weirdness & Mutations

You are resistant to damage.
Your large and strong wings let you fly.
You passively map a small area around you.
You regenerate magic rapidly.
You are easily found by Zot.


Message History

You see here a +3 halberd of electrocution.
You reach down and open the door.
Unknown command.
l - a +3 halberd of electrocution
Found a viscous dark potion.
There is an open door here.
q - 2 viscous dark potions (gained 1)
You reach down and open the door.
An orc comes into view. It is wielding a +0 trident.
The orc shouts!
The orc hits you from afar with a +0 trident.
* * * LOW HITPOINT WARNING * * *
The orc barely misses you.
There is an open door here.
You slash the orc!
You kill the orc!
Trog accepts your kill.
Things that are here:
a +0 trident; a +0 scale mail; an orc corpse
There is an open door here.
You reach down and open the door.
A gnoll comes into view.
It is wielding a +2 halberd of electrocution.
The gnoll shouts! x2
The gnoll hits you from afar with a +2 halberd of electrocution!
* * * LOW HITPOINT WARNING * * *
The gnoll hits you with a +2 halberd of electrocution!
* * * LOW HITPOINT WARNING * * *
There is an open door, spattered with blood here.
You hit the gnoll but do no damage.
Zot draws nearer.
Dive deeper or flee this branch before you perish!
Unknown command.
You hit the gnoll.
The gnoll is moderately wounded.
The gnoll hits you with a +2 halberd of electrocution.
You hit the gnoll.
The gnoll is moderately wounded.
The gnoll hits you with a +2 halberd of electrocution.
* * * LOW HITPOINT WARNING * * *
You are electrocuted!!
You die...

* , * , ** ,, , , *
, * * + +# #+ * *
*#g#g#* ,* * * ####
### ### *
##g#)###)###)#
+##+##@###'##'##'##
#.....## ##.....##
#.....#####.....###
,+..⌠..')#)'..∩..'.#
#.....#####.....###
*#.....## ##.....##
*
+##+##'###'##'##'##
,*##.'.###)###∩# * *
* ##### ### ###


You could see 2 gnolls.

Vanquished Creatures
  Grinder (D:3)
  2 sky beasts
  A black bear (D:3)
  A phantom (D:5)
  A kobold brigand (D:8)
  A scorpion (D:6)
  2 killer bees (D:8)
  A hound (D:6)
  An iguana (D:5)
  An orc wizard (D:6)
  2 gnolls (Bailey)
  2 adders
  A shadow imp (D:6)
  A dart slug (D:4)
  11 orcs
  4 goblins (D:8)
  2 hobgoblins (D:4)
  3 kobolds
  A bat (D:2)
  A frilled lizard (D:2)
40 creatures vanquished.

Notes
Turn   | Place    | Note
-------+----------+-------------------------------------------
     0 | D:1      | tilp the Mayflytaur Berserker began the quest for the Orb.
     0 | D:1      | Reached XP level 1. HP: 21/21 MP: 2/2
    15 | D:2      | Reached XP level 2. HP: 28/28 MP: 3/3
   142 | D:3      | Noticed Grinder
   148 | D:3      | Paralysed by Grinder for 7 turns
   161 | D:3      | Killed Grinder
   162 | D:3      | Reached skill level 6 in Axes
   162 | D:3      | Reached skill level 1 in Stealth
   162 | D:3      | Reached XP level 3. HP: 36/36 MP: 4/4
   162 | D:3      | Reached XP level 4. HP: 44/44 MP: 5/5
   162 | D:3      | Reached XP level 5. HP: 50/50 MP: 6/6
   180 | D:3      | Noticed a black bear
   194 | D:3      | Killed a black bear
   195 | D:3      | Reached skill level 1 in Evocations
   195 | D:3      | Gained mutation: You regenerate magic rapidly. [Mayflytaur
                  | growth]
   195 | D:3      | Reached XP level 6. HP: 58/58 MP: 7/7
   354 | D:5      | Entered Level 5 of the Dungeon
   473 | D:5      | Noticed a sky beast
   490 | D:5      | Killed a sky beast
   491 | D:5      | Reached XP level 7. HP: 66/66 MP: 8/8
   702 | D:7      | Reached skill level 5 in Fighting
   733 | D:9      | Noticed a yak
   734 | D:9      | Noticed a yak
   751 | D:8      | Found a flagged portal.
   772 | D:8      | Reached skill level 7 in Axes
   772 | D:8      | Reached XP level 8. HP: 70/74 MP: 9/9
   803 | Bailey   | Entered a bailey
   901 | Bailey   | Glimpsed the power of Zot.
   903 | Bailey   | Mangled by a gnoll

Illustrated notes

Levels and vault maps discovered:
D:1:      lightli_molten_gateway, layout_loops_cross
D:2:      minmay_door_path, layout_rooms, uniq_natasha, uniq_crazy_yiuf_cottage,
          uniq_terence
D:3:      layout_basic, general_overflow_altar, uniq_grinder, uniq_robin
D:4:      layout_layer_cave
D:5:      layout_basic, mainiacjoe_overflow_big_doors
D:6:      layout_loops_ring, nicolae_vehumet_altar_sigil,
          nicolae_lava_and_water, minmay_misc_feat_hallway, minmay_holes
D:7:      layout_gridville, yredelemnul_altar_generic, temple_doors_cd,
          uniq_maggie
D:8:      wander_guarded_unrand_ratskin, layout_loops_ring, enter_bailey_5
D:9:      layout_rooms, okawaru_metal_pillars_3, minivault_25
Bailey:   bailey_polearm_nasty_gnolls, bailey

Skill      XL: |  1  2  3  4  5  6  7  8 |
---------------+-------------------------+-----
Fighting       | 4 5 |  5.3
Axes           | 6 7 |  7.0
Stealth        | 1 2 3 4 |  4.0
Evocations     | 1 2 3 |  3.4
Dodging        | 3 4 |  4.0
Armour         | |  2.1

Action                   |  1- 3 |  4- 6 |  7- 9 || total
-------------------------+-------+-------+-------++-------
Melee: Hand axe          |    15 |    51 |   105 ||   171
       Punch             |       |       |     1 ||     1
Invok: Berserk           |     2 |     3 |     3 ||     8
Evoke: Wand              |     1 |       |       ||     1
  Use: Scroll            |       |     2 |     5 ||     7
 Stab: Sleeping          |     1 |       |       ||     1
Armor: Animal skin       |     5 |       |       ||     5
       Skin              |     3 |       |       ||     3
       Chain mail        |       |    15 |    34 ||    49
Dodge: Dodged            |     6 |    16 |    40 ||    62

Table legend: (Time is in decaauts)
 A = Elapsed time spent in this place.
 B = Non-inter-level travel time spent in this place.
 C = Inter-level travel time spent in this place.
 D = Time resting spent in this place.
 E = Time spent auto-exploring this place.
 F = Levels seen in this place.
 G = Mean time per level.
                   A        B        C        D        E       F      G
               +--------+--------+--------+--------+--------+-----+--------+
         Total |    970 |    970 |      0 |    173 |      0 |  10 |   97.0 |
       Dungeon |    869 |    869 |      0 |    173 |      0 |   9 |   96.6 |
        Bailey |    101 |    101 |      0 |      0 |      0 |   1 |  101.0 |
               +--------+--------+--------+--------+--------+-----+--------+

Top non-repeatable levels by time:
     D:5: 199 daAuts
     D:6: 143 daAuts
     D:2: 137 daAuts
     D:4: 128 daAuts
     D:3: 116 daAuts
  Bailey: 101 daAuts
     D:8: 83 daAuts
     D:7: 48 daAuts
     D:1: 10 daAuts
     D:9: 1 daAuts
